Zazza, lawful female dwarven Valkyrie ----- ----- --.|.-- ---- --...--- |.....| |..| |......--- |-....-- |..--- |.......>..| |......-----------------------....| |..<...--..----....................^...........| --....--|....|..----------------..-------------- ...-- |....^..| ---.--.--....|.--- .--- |......- ---................-- ---- --^.....|-----......%............----------..-- |......--.|.....^. .*...---......|..--.....| |....@............ .|.-----...............-- --........... |.........--.....-- --..| |....--.------....| |..| --..----- |-..-- --... --.| |...| --.... --.| --.-- |..... |..| --- |..... |..| ---.|. |..| --- ---- Zazza the Skirmisher Experience level: 5 Strength: 18/02 Dexterity: 11 Constitution: 19 Intelligence: 8 Wisdom: 9 Charisma: 8 Health: 49(58) Energy: 10(10) Def: 7 Gold: 318 Moves: 2684 Dungeon seed: G20hP6w-JO8j4CHL Game ID: Zazza_1527421184 Your Inventory: Coins $ - 318 gold pieces Weapons a - a +1 long sword b - a +0 dagger f - a +0 broadsword u - a +0 orcish dagger v - a +0 sling Armor e - an uncursed +3 small shield (being worn) n - an uncursed thoroughly rusty +0 chain mail (being worn) q - a blessed +0 orcish helm (being worn) r - an uncursed +0 orcish helm y - an uncursed +0 orcish helm Scrolls g - 2 uncursed scrolls of enchant armor Potions t - an uncursed potion of polymorph Tools d - an uncursed tin opener k - an uncursed large box s - a blessed figurine of a hobbit Gems w - 2 uncursed worthless pieces of violet glass z - an uncursed luckstone N - an uncursed worthless piece of red glass Y - an uncursed rock Contents of the large box: an uncursed scroll of blank paper Spells and supernatural/magical abilities: Name Level Category Fail Memory W - pray for help -- divine ? -- Your skills at the end: Fighting Skills Weapon Skills dagger [Basic] long sword [Basic] Spellcasting Skills Final Attributes: You were piously aligned. You were cold resistant. You had infravision. You were stealthy. You were lucky. You had extra luck. Bad luck did not time out for you. Good luck did not time out for you. You are dead. Vanquished creatures: a gray ooze an elf zombie 3 giant ants a little dog a kitten a kobold lord 3 hill orcs 2 dwarf zombies an acid blob a coyote a gas spore a hobbit 2 cave spiders 2 green molds a red mold a gnome 2 geckos 5 jackals 2 foxes a kobold 3 goblins 5 grid bugs 2 bats 9 newts 52 creatures vanquished. Voluntary challenges: You used a wielded weapon 4 times, starting on turn 241. You read items or engraved 1 time, starting on turn 2081. You never genocided any monsters. You never polymorphed an object. You never changed form. You used no wishes. You never split a pudding. You never wrote Elbereth's name. You never violated your personal moral code. Dungeon overview: The Dungeons of Doom: levels 1 to 4 Level 1 a long staircase Level 2 an altar to Tyr, some fountains Level 3 some fountains, a sink Level 4 some fountains stairs to The Gnomish Mines The Gnomish Mines: Level 5 <- You were here stairs to The Dungeons of Doom History has recorded: On T:1 you entered the Dungeons of Doom to retrieve the Amulet of Yendor! On T:611 you reached level 2 of The Dungeons of Doom. On T:1096 you reached level 3 of The Dungeons of Doom. On T:1135 you advanced to experience level 2. On T:1395 you advanced to experience level 3. On T:1620 you reached level 4 of The Dungeons of Doom. On T:1818 you advanced to experience level 4. On T:2382 you reached level 1 of The Gnomish Mines. On T:2635 you advanced to experience level 5. Score breakdown: Gold: 318 ( 8517 points) Experience: 5 levels (11141 points) Exploration: 5 levels ( 10.20%) ( 8660 points) Discoveries: 0 items ( 0.00%) ( 0 points) Valuables value: (no points given unless you survive) Artifact value: 0 ( 0 points) Variety of kills: 24 monsters ( 6.30%) ( 7529 points) Turncount: 2684 turns ( -435 points) Survival: died (score multiplied by 80%) Total score: 28329 Latest messages: You see here 7 rocks. You hit the elf zombie! The elf zombie hits! You hit the elf zombie. You destroy the elf zombie! There are several objects here. A trap door in the ceiling opens and a rock falls on your head! Fortunately, you are wearing a hard helmet. u - an orcish dagger. v - a sling. y - an orcish helm. You have a little trouble lifting z - a gray stone. You have a little trouble lifting N - a red gem. You have a little trouble lifting Y - a rock. You have a little trouble lifting w - 2 violet gems. Your movements are slowed slightly because of your load. Suddenly, the fox disappears out of sight. You fall into a pit! You land on a set of sharp iron spikes! The spikes were poisoned! The poison was deadly... Final status: Farvel Zazza the Valkyrie, killed by a fall onto poison spikes... You were poisoned in The Gnomish Mines on dungeon level 5 with 28329 points, and 318 pieces of gold, after 2684 moves. You were level 5 with a maximum of 58 hit points when you were poisoned.